 Dungeon Crawl Stone Soup version 0.30-a0-304-gdc4b735fe1 (webtiles) character file.

Game seed: 13671045078834339584

205 lonewolfV2 the Covered (level 5, -1/47 HPs)
             Began as a Minotaur Fighter on Oct 20, 2022.
             Slain by a worm (6 damage)
             ... in a sewer.
             The game lasted 00:02:23 (2076 turns).

lonewolfV2 the Covered (Minotaur Fighter)           Turns: 2076, Time: 00:02:23

Health: -1/47      AC:  7    Str: 22    XL:     5   Next: 53%
Magic:  4/4        EV: 10    Int:  5    God:
Gold:   79         SH:  4    Dex: 10    Spells: 4/4 levels left

rFire   . . .      SeeInvis .    a - +0 long sword
rCold   . . .      Faith    .    c - +0 buckler
rNeg    . . .      Spirit   .    b - +0 scale mail
rPois   .          Reflect  .    (helmet restricted)
rElec   .          Harm     .    (no cloak)
rCorr   .          Rampage  .    (no gloves)
Will    .....                    (no boots)
Stlth   ..........               (no amulet)
HPRegen 0.27/turn                (no ring)
MPRegen 0.09/turn                (no ring)

@: mighty, brilliant, very slow
A: horns 2, retaliatory headbutt
a: no special abilities


You were in a sewer.
You visited 1 branch of the dungeon, and saw 3 of its levels.
You also visited: Sewer.

You collected 79 gold pieces.

Inventory:

Hand Weapons
 a - a +0 long sword (weapon)
Armour
 b - a +0 scale mail (worn)
 c - a +0 buckler (worn)
Scrolls
 f - 2 scrolls of teleportation
 h - a scroll of enchant armour {unknown}
 i - a scroll of acquirement {unknown}


   Skills:
 + Level 4.5 Fighting
 + Level 4.6 Long Blades
 + Level 5.0 Armour
 + Level 1.7 Dodging
 + Level 4.0 Shields


You had 4 spell levels left.
You didn't know any spells.
Your spell library was empty.

Dungeon Overview and Level Annotations

Branches:
Dungeon (3/15)              Sewer (1/1)

Altars:


Innate Abilities, Weirdness & Mutations

You have a pair of horns on your head.
You reflexively headbutt those who attack you in melee.


Message History

* * * LOW HITPOINT WARNING * * *
The kobold brigand hits you with a +0 dagger.
* * * LOW HITPOINT WARNING * * *
It was a potion of magic.
Magic courses through your body. You block the kobold brigand's attack.
The worm bites you but does no damage.
It was a potion of brilliance.
You feel clever all of a sudden. You block the kobold brigand's attack.
You feel very mighty all of a sudden.
The kobold brigand splashes around in the water.
The worm barely misses you.
Your unstable footing causes you to fumble your attack.
You block the kobold brigand's attack. The worm bites you.
* * * LOW HITPOINT WARNING * * *
Your unstable footing causes you to fumble your attack.
The kobold brigand hits you but does no damage.
Your unstable footing causes you to fumble your attack.
You block the kobold brigand's attack. The worm bites you.
* * * LOW HITPOINT WARNING * * *
You barely miss the kobold brigand.
The kobold brigand is almost dead.
The kobold brigand splashes around in the water.
The worm misses you.
The kobold brigand hits you with a +0 dagger.
* * * LOW HITPOINT WARNING * * *
You slash the kobold brigand!
You kill the kobold brigand!
You hear a splash. x2
Your Armour skill increases to level 5!
Your Shields skill increases to level 4!
You have reached level 5!
You barely miss the worm. You headbutt the worm.
The worm is lightly wounded.
The worm barely misses you.
You barely miss the worm. The worm misses you.
You slash the worm!
The worm is heavily wounded.
Your unstable footing causes you to fumble your attack.
The worm bites you.
You die...

..~~~.~## #####~~~~.#
.~..~~## #######
.~..~~# ~~~~~~#
~.~.~~# ~~~~~.##
####### ..~~...##
#####~~~~.#
~~##.~.~####.~~~w#####
.####.~~..~~~###@)~~.#
~# #~~.~~~.~# #######
~. ##.~..~~~###.~~~.#
#######~~~~~#####
#####~~~~.# #######


You could see a worm.

Vanquished Creatures
  A kobold brigand (Sewer)
  A gnoll (D:1)
  6 adders
  2 worms
  3 dart slugs (D:1)
  A bat (D:1)
  2 endoplasms
  3 giant cockroaches (D:3)
  3 goblins
  6 hobgoblins
  6 kobolds
  4 quokkas (D:1)
  11 ball pythons
  10 rats
59 creatures vanquished.

Vanquished Creatures (others)
  9 plants (D:3)
9 creatures vanquished.

Grand Total: 68 creatures vanquished

Notes
Turn   | Place    | Note
-------+----------+-------------------------------------------
     0 | D:1      | lonewolfV2 the Minotaur Fighter began the quest for the
                  | Orb.
     0 | D:1      | Reached XP level 1. HP: 19/19 MP: 0/0
   133 | D:1      | Reached skill level 1 in Dodging
   133 | D:1      | Reached XP level 2. HP: 25/27 MP: 1/1
   347 | D:1      | Reached skill level 4 in Armour
   347 | D:1      | Reached XP level 3. HP: 33/33 MP: 2/2
  1111 | D:2      | Reached XP level 4. HP: 40/40 MP: 3/3
  1596 | D:3      | Found a glowing drain.
  1748 | Sewer    | Entered a sewer
  2043 | Sewer    | Noticed a kobold brigand
  2072 | Sewer    | Killed a kobold brigand
  2073 | Sewer    | Reached skill level 5 in Armour
  2073 | Sewer    | Reached XP level 5. HP: 4/47 MP: 4/4
  2076 | Sewer    | Slain by a worm

Illustrated notes

Levels and vault maps discovered:
D:1:      dpeg_arrival_simpleton_c, layout_loops_cross, st_stairs_4,
          chequers_serial_rivers_micro_c, corexii_corridor_pit,
          minmay_tetromino_t2
D:2:      layout_basic, chequers_serial_rivers_micro_b,
          corexii_item_surrounded_by_moat, kennysheep_small_spiral
D:3:      layout_rooms, nemelex_spade_bored_becter, gup_sewer_entry_glass,
          serial_bayou, serial_bayou_lagoon_b, serial_bayou_ford_a,
          serial_bayou_crossing, serial_bayou_lagoon_a, serial_bayou_pond_a
Sewer:    sewer_co_tree

Skill      XL: |  1  2  3  4 |
---------------+-------------+-----
Dodging        | 1 |  1.7
Fighting       | 4 |  4.5
Armour         | 4 5 |  5.0
Long Blades    | 3 4 |  4.6
Shields        | 4 |  4.0

Action                   |  1- 3 |  4- 6 || total
-------------------------+-------+-------++-------
Melee: Long sword        |    62 |   112 ||   174
       Headbutt          |    10 |    15 ||    25
  Use: Scroll            |     2 |       ||     2
       Potion            |     1 |     3 ||     4
Armor: Scale mail        |    25 |    39 ||    64
Dodge: Dodged            |    38 |    47 ||    85
Block: Buckler           |    13 |    21 ||    34

Table legend: (Time is in decaauts)
 A = Elapsed time spent in this place.
 B = Non-inter-level travel time spent in this place.
 C = Inter-level travel time spent in this place.
 D = Time resting spent in this place.
 E = Time spent auto-exploring this place.
 F = Levels seen in this place.
 G = Mean time per level.
                   A        B        C        D        E       F      G
               +--------+--------+--------+--------+--------+-----+--------+
         Total |   2191 |   2130 |     61 |    101 |   1489 |   4 |  547.8 |
       Dungeon |   1776 |   1715 |     61 |    101 |   1229 |   3 |  592.0 |
         Sewer |    414 |    414 |      0 |      0 |    260 |   1 |  414.0 |
               +--------+--------+--------+--------+--------+-----+--------+

Top non-repeatable levels by time:
     D:2: 875 daAuts
     D:1: 744 daAuts
   Sewer: 414 daAuts
     D:3: 156 daAuts
